Map: [ESL] Post-Youth

Players

trigger

  • Race: Protoss Protoss
  • Spawn Location: 7:00

SpeCial - Winner!

  • Race: Terran Terran
  • Spawn Location: 1:00

Event: ESL SC2 Masters 2024 Spring (Regional)

VOD

Have the link to the VOD?

Description

Time

  • Played on: April 14, 2024, 12:21 p.m.
  • Length: 5:34

All games in this series

Show
View Real Time Build Order
Export as new Build Order

trigger Protoss 

Build Orders:  

Get SALT Encoding   

  12  0:00  Probe  
  13  0:12  Probe  
  14  0:17  Pylon  
  14  0:24  Probe (Chrono Boost)  
  16  0:36  Gateway  
  16  0:37  Probe (Chrono Boost)  
  16  0:43  Probe (Chrono Boost)  
  16  0:46  Assimilator  
  17  0:51  Probe  
  17  0:55  Assimilator  
  18  1:03  Probe (Chrono Boost)  
  19  1:14  Probe (Chrono Boost)  
  20  1:18  Probe (Chrono Boost)  
  20  1:24  Cybernetics Core  
  21  1:30  Probe  
  22  1:34  Pylon  
  22  1:42  Probe  
  23  2:00  Stargate, Stalker  
  25  2:04  Warp Gate  
  25  2:10  Pylon  
  25  2:24  Gateway  
  25  2:30  Adept  
  31  2:46  Gateway, Void Ray (Chrono Boost)  
  31  3:00  Stalker  
  31  3:03  Pylon  
  33  3:19  Void Ray (Chrono Boost)  
  37  3:39  Pylon  
  37  3:52  Stalker x3  
  41  4:16  Void Ray (Chrono Boost)  
  45  4:20  Adept  
  45  4:21  Adept  
  49  4:31  Adept  
  51  4:42  Adept x2  
  55  4:49  Pylon  
  53  4:54  Adept  
  33  5:16  Adept x3  
Show
View Real Time Build Order
Export as new Build Order

SpeCial Terran - Winner!

Build Orders: Cyclone Opening 

Get SALT Encoding   

  12  0:00  SCV  
  13  0:12  SCV  
  14  0:17  Supply Depot  
  14  0:24  SCV  
  15  0:39  SCV  
  15  0:41  Barracks  
  16  0:44  Refinery  
  16  0:51  SCV  
  16  0:54  Refinery  
  17  1:03  SCV  
  18  1:07  Supply Depot  
  18  1:15  SCV  
  19  1:28  Reaper  
  19  1:29  Orbital Command  
  20  1:43  Factory  
  20  1:55  SCV  
  20  2:00  Barracks Reactor  
  21  2:07  SCV  
  22  2:19  SCV  
  22  2:22  Command Center  
  23  2:31  Cyclone  
  25  2:38  Marine x2  
  25  2:39  SCV  
  28  2:44  Supply Depot  
  28  2:51  Starport  
  28  2:54  SCV  
  29  3:00  Marine x2  
  31  3:08  Widow Mine  
  31  3:10  SCV  
  34  3:18  Marine x2  
  36  3:22  SCV  
  37  3:28  Medivac  
  37  3:30  Factory Tech Lab  
  37  3:34  SCV  
  40  3:36  Marine x2  
  40  3:40  Orbital Command  
  42  3:46  SCV  
  43  3:49  Siege Tank  
  46  3:56  Marine x2  
  46  4:01  Viking  
  50  4:07  SCV x2  
  50  4:15  Supply Depot  
  49  4:32  Bunker  
  49  4:37  Viking, Marine, Cyclone  
  54  4:39  Marine  
  54  4:42  Bunker  
  54  4:49  SCV  
  54  4:53  SCV  
  54  4:59  Marine  
  47  5:15  SCV  
Tags
 
Add a new tag
Caveats
  • Supply blocks, unpowered buildings, or Contaminate may cause inaccurate times.
  • Supply counts are checked every 10 seconds.